Map: Cosmic Sapphire

Players

igorigel

  • Race: Zerg Zerg
  • Spawn Location: 11:00

MattBarry - Winner!

  • Race: Zerg Zerg
  • Spawn Location: 5:00

VOD

Have the link to the VOD?

Description

Time

  • Played on: Jan. 18, 2023, 11:37 p.m.
  • Length: 9:02
Show
View Real Time Build Order
Export as new Build Order

igorigel Zerg 

Build Orders: Hatch First 

Get SALT Encoding   

  12  0:01  Drone  
  13  0:12  Drone  
  14  0:22  Overlord  
  14  0:40  Drone x3  
  17  0:55  Hatchery  
  16  0:58  Drone  
  17  1:08  Drone  
  18  1:16  Spawning Pool  
  18  1:18  Drone  
  18  1:25  Drone  
  19  1:35  Drone  
  20  1:47  Drone  
  21  2:06  Queen  
  21  2:07  Overlord  
  23  2:09  Overlord  
  23  2:12  Extractor  
  22  2:17  Queen  
  22  2:20  Drone x2  
  26  2:31  Drone x2  
  26  2:35  Drone  
  29  2:43  Zergling x2  
  30  3:06  Zergling x4  
  30  3:12  Drone x3  
  35  3:21  Zergling x2  
  35  3:22  Overlord x3  
  36  3:32  Extractor  
  36  3:33  Drone  
  36  3:46  Metabolic Boost  
  36  3:58  Drone  
  25  4:05  Zergling x2  
  25  4:06  Zergling x4  
  24  4:11  Zergling x4  
  24  4:12  Zergling x8  
  28  4:22  Zergling x6  
  27  4:28  Zergling x2  
  18  4:39  Drone  
  18  4:43  Drone x2  
  20  4:51  Drone x2  
  20  4:52  Drone  
  23  4:59  Drone  
  24  5:02  Drone x2  
  24  5:31  Drone x4  
  24  5:34  Drone x3  
  24  5:52  Drone  
  24  5:54  Drone x2  
  27  5:59  Queen  
  29  6:06  Queen  
  29  6:08  Drone  
  29  6:10  Drone  
  33  6:17  Drone x2  
  35  6:28  Drone x2  
  37  6:36  Spine Crawler  
  36  6:43  Drone  
  36  6:46  Drone x3  
  40  7:01  Spine Crawler x2  
  35  7:03  Spine Crawler  
  35  7:04  Spine Crawler  
  35  7:05  Spine Crawler  
  35  7:06  Zergling x2  
  35  7:07  Spine Crawler  
  27  7:17  Zergling x8  
  27  7:18  Zergling x4  
  18  7:32  Drone  
  18  7:49  Drone  
  19  7:54  Drone  
  20  8:02  Drone x3  
  19  8:31  Drone x2  
  19  8:32  Drone x4  
Show
View Real Time Build Order
Export as new Build Order

MattBarry Zerg - Winner!

Build Orders: Pool First 

Get SALT Encoding   

  12  0:00  Drone  
  13  0:12  Overlord  
  13  0:16  Drone  
  14  0:29  Drone, Extractor  
  14  0:53  Spawning Pool  
  14  0:55  Drone  
  14  0:56  Drone  
  15  1:07  Drone  
  15  1:08  Drone  
  17  1:34  Drone  
  18  1:40  Queen  
  18  1:45  Zergling x2, Hatchery  
  18  1:46  Zergling x2  
  21  2:02  Drone  
  21  2:03  Overlord  
  21  2:08  Metabolic Boost  
  22  2:28  Drone  
  22  2:29  Zergling x2  
  24  2:39  Baneling Nest  
  22  2:54  Zergling x4  
  22  2:55  Zergling x2  
  22  2:58  Zergling x8  
  29  3:08  Queen  
  29  3:10  Zergling x4  
  33  3:24  Overlord  
  33  3:30  Overlord  
  33  3:31  Overlord  
  33  3:39  Overlord  
  30  3:59  Drone x3  
  30  4:00  Drone  
  31  4:03  Drone x2  
  31  4:23  Zergling x2  
  31  4:24  Zergling x10  
  37  4:29  Evolution Chamber  
  36  4:34  Evolution Chamber  
  32  4:54  Lair  
  32  4:56  Zerg Melee Weapons Level 1  
  28  5:08  Drone  
  28  5:09  Zergling x4  
  28  5:10  Zergling x10  
  28  5:11  Zergling x6  
  30  5:46  Queen  
  30  5:47  Drone x8  
  30  5:48  Drone  
  41  5:59  Spine Crawler  
  40  6:11  Baneling  
  40  6:12  Baneling x6  
  40  6:13  Zergling x4  
  40  6:14  Zergling x2  
  40  6:17  Zergling x4  
  45  6:31  Zergling x4  
  45  6:32  Zergling x6  
  50  6:39  Extractor  
  49  6:42  Queen, Extractor  
  47  7:32  Zergling x2  
  47  7:33  Zergling x12  
  52  7:49  Baneling  
  52  7:50  Baneling  
  52  7:51  Baneling x9  
  52  7:53  Baneling  
  36  8:36  Drone  
  36  8:37  Drone x15  
  52  8:55  Hatchery  
Tags
 
Matchup
ZvZ
Race
Zerg
Replay Pack
Multiplayer
Spawn Locations
Cross Positions
Add a new tag
Caveats
  • Supply blocks, unpowered buildings, or Contaminate may cause inaccurate times.
  • Supply counts are checked every 10 seconds.